[Event "ICC tourney 2768 (30 10)"]
[Site "Internet Chess Club"]
[Date "2021.12.18"]
[Round "1"]
[White "RAIFE, ASHOK:ashokbidani"]
[Black "CAO, DANIEL:danielcao"]
[Result "1-0"]
[ICCResult "Black resigns"]
[WhiteElo "1644"]
[BlackElo "1271"]
[Opening "Sicilian: Nimzovich-Rossolimo attack (without ...d6)"]
[ECO "B30"]
[NIC "SI.31"]
[Time "13:02:11"]
[PlyCount "45"]
[TimeControl "1800+10"]

1. e4 c5 2. Nf3 Nc6 3. Bb5 e6 4. O-O Nge7 5. d4 cxd4 6. Nxd4 a6 7. Be2 d5 8.
exd5 Nxd5 9. Nxc6 bxc6 10. c4 Nf6 11. Qxd8+ Kxd8 12. Rd1+ Bd7 13. Bf3 Kc7
14. Bf4+ Kb7 15. Nc3 Bc5 16. b4 Ba7 17. b5 axb5 18. Nxb5 Bb6 19. Nd6+ Ka7
20. Nxf7 Rhf8 21. Ne5 Bc8 22. Nxc6+ Ka6 23. Nb4+ {Black resigns} 1-0

[Event "ICC tourney 2768 (30 10)"]
[Site "Internet Chess Club"]
[Date "2021.12.18"]
[Round "1"]
[White "Doan Giang, Nguyen Doan:Doctorstrange04"]
[Black "HAMLETT, JAMES MORRISON:Hamlett144"]
[Result "1-0"]
[ICCResult "Black resigns"]
[WhiteElo "1575"]
[BlackElo "1200"]
[Opening "Queen's pawn, Mason variation"]
[ECO "D00"]
[NIC "QP.08"]
[Time "13:02:33"]
[PlyCount "51"]
[TimeControl "1800+10"]

1. d4 d5 2. Bf4 Bf5 3. e3 Nf6 4. c4 e6 5. Nc3 c6 6. Qb3 Qd7 7. Nf3 b6 8. Ne5
Qb7 9. cxd5 Nxd5 10. Nxd5 exd5 11. Rc1 Bd7 12. Bd3 Be7 13. O-O g5 14. Bg3 h5
15. f3 h4 16. Be1 c5 17. dxc5 h3 18. g3 Qc7 19. Nxd7 Nxd7 20. Bc3 Nxc5 21.
Bb5+ Kd8 22. Qxd5+ Bd6 23. Qxa8+ Ke7 24. Qxh8 Bxg3 25. Qf6+ Kf8 26. f4
{Black resigns}
1-0

[Event "ICC tourney 2768 (30 10)"]
[Site "Internet Chess Club"]
[Date "2021.12.18"]
[Round "1"]
[White "GILLMAN, JONES:JonesGill"]
[Black "SHAH-GUSTAFSSON, LINNEA:Saga44"]
[Result "1-0"]
[ICCResult "Black checkmated"]
[WhiteElo "1516"]
[BlackElo "1126"]
[Opening "Queen's pawn: Chigorin variation"]
[ECO "D00"]
[NIC "QP.08"]
[Time "13:02:05"]
[PlyCount "61"]
[TimeControl "1800+10"]

1. d4 d5 2. Nc3 Bf5 3. Bf4 a6 4. e3 Nf6 5. f3 e6 6. g4 Bg6 7. h4 h6 8. h5
Bh7 9. Nh3 Bb4 10. Bd3 Nbd7 11. a3 Ba5 12. Bg3 Qe7 13. b4 Bb6 14. O-O O-O
15. Kg2 Rac8 16. f4 Bxd3 17. cxd3 Rfe8 18. g5 hxg5 19. fxg5 Nh7 20. Qg4 Rf8
21. Bh4 Qd6 22. Nf4 c6 23. Ng6 fxg6 24. hxg6 Nxg5 25. Qxg5 Nf6 26. Bg3 Qd7
27. Be5 Bd8 28. Rh1 Ne4 29. Rh8+ Kxh8 30. Qh5+ Kg8 31. Qh7# {Black
checkmated} 1-0

[Event "ICC tourney 2768 (30 10)"]
[Site "Internet Chess Club"]
[Date "2021.12.18"]
[Round "1"]
[White "VYAKARANAM, AARUSH:AarushV5"]
[Black "HE, EDEN:edenhe"]
[Result "0-1"]
[ICCResult "White checkmated"]
[WhiteElo "686"]
[BlackElo "1480"]
[Opening "French defense"]
[ECO "C00"]
[NIC "FR.01"]
[Time "13:02:04"]
[PlyCount "74"]
[TimeControl "1800+10"]

1. e4 e6 2. Nf3 d5 3. e5 c5 4. Bb5+ Bd7 5. Bxd7+ Nxd7 6. d3 Ne7 7. Bg5 Qc7
8. O-O d4 9. Nbd2 Nc6 10. Bf4 Be7 11. Re1 O-O 12. Nc4 b5 13. Nd6 a6 14. a3
Rfd8 15. b3 Nb6 16. h3 Nd5 17. Bg3 Bxd6 18. exd6 Qb7 19. Qd2 a5 20. a4 b4
21. Ne5 Nxe5 22. Bxe5 f6 23. Bg3 e5 24. Qc1 Rxd6 25. Qd2 Rd7 26. Re2 Nc3 27.
Ree1 Re8 28. f3 Rde7 29. Kf1 f5 30. Rxe5 Rxe5 31. Bxe5 Rxe5 32. f4 Re3 33.
Qf2 Qe7 34. Rc1 Re2 35. Qg3 Qe3 36. Qh4 Qxc1+ 37. Qe1 Qxe1# {White
checkmated} 0-1

[Event "ICC tourney 2768 (30 10)"]
[Site "Internet Chess Club"]
[Date "2021.12.18"]
[Round "1"]
[White "BOGIN, THEODORE:tbogin1"]
[Black "Mason, Nelson:nelsonmason"]
[Result "1/2-1/2"]
[ICCResult "Game drawn by mutual agreement"]
[WhiteElo "1655"]
[BlackElo "1460"]
[Opening "Sicilian: closed"]
[ECO "B23"]
[NIC "SI.44"]
[Time "13:04:00"]
[PlyCount "98"]
[TimeControl "1800+10"]

1. e4 c5 2. Nc3 e6 3. f4 d5 4. Bb5+ Bd7 5. exd5 exd5 6. Qe2+ Qe7 7. Nxd5
Qxe2+ 8. Nxe2 Bd6 9. Bxd7+ Nxd7 10. O-O Ne7 11. Nxe7 Bxe7 12. c4 O-O-O 13.
Nc3 Nb6 14. b3 Rd3 15. Ne4 f5 16. Ng3 g6 17. Bb2 Rhd8 18. Bc3 Bh4 19. Ne2
Re8 20. Nc1 Rd7 21. a4 Rde7 22. a5 Re1 23. Nd3 Rxf1+ 24. Rxf1 Nd7 25. g3 Bd8
26. Re1 Re4 27. Rxe4 fxe4 28. Nf2 b6 29. axb6 axb6 30. Nxe4 Kc7 31. Be5+ Kc6
32. d4 cxd4 33. Bxd4 b5 34. cxb5+ Kxb5 35. Bc3 Bb6+ 36. Kg2 Ba5 37. Bxa5
Kxa5 38. Ng5 h5 39. h3 Kb4 40. g4 hxg4 41. h4 Kxb3 42. Kg3 Nf6 43. Ne6 Kc4
44. Nf8 Nh5+ 45. Kxg4 Nxf4 46. Kxf4 Kd5 47. Kg5 Kd6 48. Kxg6 Ke7 49. h5 Kxf8
{Game drawn by mutual agreement}
1/2-1/2

[Event "ICC tourney 2768 (30 10)"]
[Site "Internet Chess Club"]
[Date "2021.12.18"]
[Round "1"]
[White "Thomas, Mitchell:byumitchell"]
[Black "AYYAPPAN, SANTHOSH:SanthoshA"]
[Result "0-1"]
[ICCResult "White resigns"]
[WhiteElo "1259"]
[BlackElo "1643"]
[Opening "Giuoco Piano: Greco's attack"]
[ECO "C44"]
[NIC "SO.06"]
[Time "13:02:08"]
[PlyCount "64"]
[TimeControl "1800+10"]

1. e4 e5 2. Nf3 Nc6 3. d4 exd4 4. Bc4 Bc5 5. c3 Nf6 6. cxd4 Bb4+ 7. Nc3 Nxe4
8. Bd2 Bxc3 9. bxc3 O-O 10. O-O d5 11. Bd3 Bf5 12. Qc2 Nxd2 13. Nxd2 Bxd3
14. Qxd3 Qd6 15. Rab1 b6 16. f4 Rfe8 17. f5 Qf6 18. Qf3 Rad8 19. Rbe1 Ne7
20. Re5 c6 21. Rfe1 Kf8 22. Qe3 Qd6 23. Rf1 Ng8 24. Nf3 f6 25. Rxe8+ Rxe8
26. Qd2 Nh6 27. h3 Nxf5 28. g4 Ng3 29. Rd1 Ne4 30. Qg2 Nxc3 31. Re1 Rxe1+
32. Nxe1 Ne4 {White resigns} 0-1

[Event "ICC tourney 2768 (30 10)"]
[Site "Internet Chess Club"]
[Date "2021.12.18"]
[Round "1"]
[White "HERREROS, STEPHEN:alekhine1031"]
[Black "VAZQUEZ, DANIEL ORLANDO:Nacaroa-Dan"]
[Result "0-1"]
[ICCResult "White resigns"]
[WhiteElo "1466"]
[BlackElo "1660"]
[Opening "Réti v Dutch"]
[ECO "A04"]
[NIC "QP.11"]
[Time "13:02:09"]
[PlyCount "98"]
[TimeControl "1800+10"]

1. Nf3 f5 2. b3 Nf6 3. Bb2 e6 4. e3 Be7 5. c4 b6 6. Be2 Bb7 7. d3 O-O 8. O-O
h6 9. Nbd2 d6 10. Nd4 Qd7 11. Bf3 Bxf3 12. Qxf3 Na6 13. a3 Nc5 14. Qe2 e5
15. Nc2 Ne6 16. d4 e4 17. b4 c6 18. Rac1 d5 19. cxd5 cxd5 20. Na1 f4 21.
Nab3 Bd6 22. Rc2 Rac8 23. Rfc1 Rxc2 24. Rxc2 Bb8 25. Qa6 fxe3 26. fxe3 Ng4
27. Nf1 Qd6 28. g3 Ng5 29. Rc8 Nf3+ 30. Kg2 Ngxh2 31. Rxb8 Ne1+ 32. Kxh2
Qxb8 33. Qe2 Nd3 34. Kg2 Rf2+ 35. Qxf2 Nxf2 36. Kxf2 Qc8 37. Nbd2 Qc2 38.
Ba1 Qa2 39. Bc3 Qxa3 40. Nb1 Qa2+ 41. Nfd2 a6 42. g4 Kf7 43. Kg3 Qc2 44. Kf4
Kf6 45. Kg3 Qd3 46. Kf2 g6 47. Bb2 Kg5 48. Bc1 Kxg4 49. Nc3 Qxc3 {White
resigns} 0-1

[Event "ICC tourney 2768 (30 10)"]
[Site "Internet Chess Club"]
[Date "2021.12.18"]
[Round "1"]
[White "EISENMAN, KATHERINE:kgeisenman32"]
[Black "MA, JIN:K05-16813308"]
[Result "1-0"]
[ICCResult "Black resigns"]
[WhiteElo "1483"]
[BlackElo "947"]
[Opening "Queen's bishop game"]
[ECO "D02"]
[NIC "QP.08"]
[Time "13:02:14"]
[PlyCount "89"]
[TimeControl "1800+10"]

1. d4 d5 2. Nf3 Nf6 3. Bf4 Bf5 4. e3 e6 5. c4 c5 6. Nc3 Nc6 7. Nb5 Rc8 8. a3
a6 9. Nc3 Be7 10. h3 O-O 11. Be2 Bd6 12. Ne5 Bxe5 13. dxe5 Ne4 14. cxd5 Nxc3
15. bxc3 exd5 16. Bg4 Be6 17. O-O Qc7 18. Bxe6 fxe6 19. Qg4 Rf5 20. f3 Nxe5
21. Qg3 Qd6 22. Rad1 Rcf8 23. Kh1 c4 24. a4 R8f6 25. Qh2 g5 26. Bg3 Qc7 27.
Rfe1 g4 28. hxg4 Rg5 29. Bf4 Qg7 30. Bxg5 Qxg5 31. f4 Qg7 32. g5 Rg6 33.
fxe5 h6 34. Kg1 Rxg5 35. e4 Rxe5 36. exd5 Rxe1+ 37. Rxe1 exd5 38. Qe5 Qxe5
39. Rxe5 Kf7 40. Rxd5 Ke6 41. Rh5 Kd6 42. a5 Kc6 43. Kf2 Kd6 44. Ke3 Kc6 45.
Kd4 {Black resigns} 1-0

[Event "ICC tourney 2768 (30 10)"]
[Site "Internet Chess Club"]
[Date "2021.12.18"]
[Round "1"]
[White "SHANMUGAM, MEERA:K05-16606945"]
[Black "HOSSAIN, AZHER:Azher2009"]
[Result "0-1"]
[ICCResult "White checkmated"]
[WhiteElo "1371"]
[BlackElo "1650"]
[Opening "Caro-Kann: Steinitz variation"]
[ECO "B17"]
[NIC "CK.08"]
[Time "13:20:10"]
[PlyCount "144"]
[TimeControl "1800+10"]

1. e4 c6 2. d4 d5 3. Nc3 dxe4 4. Nxe4 Nd7 5. Nf3 Ngf6 6. Nxf6+ Nxf6 7. Be3
Bg4 8. h3 Bh5 9. Bd3 e6 10. Qe2 Be7 11. O-O-O Qa5 12. Kb1 Nd5 13. Bd2 Qc7
14. g4 Bg6 15. Bxg6 hxg6 16. Ne5 Qb6 17. Qf3 Rf8 18. Qd3 O-O-O 19. f4 c5 20.
dxc5 Bxc5 21. Nc4 Qa6 22. Ne5 Qb6 23. Qc4 Kb8 24. Rhf1 Ka8 25. Qa4 Bd4 26.
Nc4 Qc5 27. c3 Bf6 28. Ka1 b5 29. Qa3 Qxc4 30. Rfe1 Be7 31. Qb3 Qxb3 32.
axb3 Rfe8 33. Kb1 Bf6 34. g5 Be7 35. Kc1 Bd6 36. Re4 Rc8 37. Kc2 Red8 38.
Ra1 Kb7 39. Ra5 a6 40. c4 Nb4+ 41. Bxb4 Bxb4 42. Ra1 Rd2+ 43. Kb1 Rd1+ 44.
Ka2 Rxa1+ 45. Kxa1 bxc4 46. Rxc4 Rxc4 47. bxc4 Bd2 48. Kb1 Bxf4 49. h4 Bg3
50. Kc2 Bxh4 51. Kd3 Bxg5 52. Ke4 Bf6 53. b3 Kc6 54. b4 Bc3 55. b5+ axb5 56.
cxb5+ Kxb5 57. Kf4 Bf6 58. Kf3 Kc4 59. Ke3 e5 60. Ke4 g5 61. Kf3 Kd3 62. Kf2
e4 63. Kf1 e3 64. Ke1 g4 65. Kd1 Bb2 66. Ke1 e2 67. Kf2 Bc3 68. Kg1 e1=Q+
69. Kg2 Qe2+ 70. Kh1 Be5 71. Kg1 Bd6 72. Kh1 Qh2# {White checkmated} 0-1

[Event "ICC tourney 2768 (30 10)"]
[Site "Internet Chess Club"]
[Date "2021.12.18"]
[Round "1"]
[White "Mason, Mike W:MikeWMason"]
[Black "MOHAN, SHANKARA:BellaVista"]
[Result "1-0"]
[ICCResult "Black forfeits on time"]
[WhiteElo "1604"]
[BlackElo "1228"]
[Opening "Giuoco Piano"]
[ECO "C50"]
[NIC "IG.02"]
[Time "13:08:57"]
[PlyCount "73"]
[TimeControl "1800+10"]

1. e4 e5 2. Nf3 Nc6 3. Bc4 Bc5 4. d4 Bxd4 5. Nxd4 Nxd4 6. Be3 Nc6 7. Qg4 g6
8. Qg3 Nf6 9. Nc3 Nh5 10. Qf3 O-O 11. O-O-O d6 12. g4 Qf6 13. Qe2 Nf4 14.
Qd2 Bxg4 15. Rdf1 Be6 16. Bxe6 fxe6 17. h4 Rad8 18. h5 g5 19. h6 Kf7 20. Kb1
a6 21. Rfg1 Rg8 22. Rg3 Rg6 23. Ne2 Rdg8 24. Bxf4 gxf4 25. Rb3 Rb8 26. Qc3
Rxh6 27. Rd1 Qd8 28. Qd2 Rf6 29. c4 Qe7 30. Rh3 h6 31. Rdh1 Rh8 32. Qc3 Qd8
33. b4 Na7 34. a4 Qd7 35. Qb3 Qc6 36. Nc3 Qb6 37. c5 {Black forfeits on
time} 1-0

[Event "ICC tourney 2768 (30 10)"]
[Site "Internet Chess Club"]
[Date "2021.12.18"]
[Round "1"]
[White "TERANCE JOE HESTON, NITISH JOSON:Nitish1005"]
[Black "JIMENEZ, LUIS A:eltuna"]
[Result "1/2-1/2"]
[ICCResult "Game drawn by mutual agreement"]
[WhiteElo "1050"]
[BlackElo "1513"]
[Opening "QGD Slav: 4.Nc3"]
[ECO "D15"]
[NIC "SL.03"]
[Time "13:02:10"]
[PlyCount "141"]
[TimeControl "1800+10"]

1. d4 d5 2. c4 c6 3. Nc3 Nf6 4. Nf3 a6 5. e3 Bf5 6. Bd3 Bxd3 7. Qxd3 e6 8.
O-O Nbd7 9. cxd5 exd5 10. Re1 Be7 11. e4 dxe4 12. Nxe4 O-O 13. b3 Nxe4 14.
Qxe4 Bf6 15. Bb2 h6 16. Ne5 Nb6 17. Ng4 Nd5 18. Nxf6+ Nxf6 19. Qh4 Nd5 20.
Qxd8 Raxd8 21. f3 Rfe8 22. a3 Kf8 23. Kf2 Nf4 24. Rxe8+ Rxe8 25. Bc1 Nd3+
26. Kg3 Nxc1 27. Rxc1 Re3 28. d5 Rxb3 29. dxc6 bxc6 30. Rxc6 Rxa3 31. Rc7 g6
32. Ra7 Kg7 33. Kg4 a5 34. Ra6 Ra2 35. g3 a4 36. h4 a3 37. Kf4 Ra1 38. Ra7
a2 39. Ra6 h5 40. Kg5 Rg1 41. Rxa2 Rxg3+ 42. Kf4 Rh3 43. Ke4 Rxh4+ 44. f4 g5
45. Kf5 gxf4 46. Kg5 Rh1 47. Kxf4 Kg6 48. Rg2+ Kf6 49. Kg3 h4+ 50. Kg4 h3
51. Rg3 Ke5 52. Re3+ Kf6 53. Rf3+ Kg6 54. Kh4 f6 55. Rg3+ Kf5 56. Rf3+ Ke5
57. Kg4 h2 58. Kh3 f5 59. Kg2 Rg1+ 60. Kxh2 Rg4 61. Ra3 f4 62. Kh3 Rg7 63.
Ra5+ Ke4 64. Ra4+ Ke3 65. Ra3+ Kf2 66. Ra2+ Ke3 67. Ra3+ Kd2 68. Ra2+ Kc3
69. Ra4 Rg3+ 70. Kh2 Rg7 71. Rxf4 {Game drawn by mutual agreement} 1/2-1/2

[Event "ICC tourney 2768 (30 10)"]
[Site "Internet Chess Club"]
[Date "2021.12.18"]
[Round "2"]
[White "AYYAPPAN, SANTHOSH:SanthoshA"]
[Black "BRUDNO, STEPHEN:StevChess01"]
[Result "1-0"]
[ICCResult "Black resigns"]
[WhiteElo "1643"]
[BlackElo "1478"]
[Opening "Nimzo-Indian: classical variation"]
[ECO "E32"]
[NIC "NI.24"]
[Time "15:00:13"]
[PlyCount "31"]
[TimeControl "1800+10"]

1. d4 Nf6 2. c4 e6 3. Nc3 Bb4 4. Qc2 O-O 5. Nf3 b6 6. e3 Bb7 7. Be2 Ne4 8.
Bd2 Nxd2 9. Qxd2 d5 10. cxd5 exd5 11. O-O a5 12. a3 Be7 13. Rac1 Ba6 14.
Bxa6 Nxa6 15. Ne5 Qd7 16. Nxd7 {Black resigns} 1-0

[Event "ICC tourney 2768 (30 10)"]
[Site "Internet Chess Club"]
[Date "2021.12.18"]
[Round "2"]
[White "SHAH-GUSTAFSSON, LINNEA:Saga44"]
[Black "SHANMUGAM, MEERA:K05-16606945"]
[Result "0-1"]
[ICCResult "White resigns"]
[WhiteElo "1126"]
[BlackElo "1371"]
[Opening "Petrov: classical attack"]
[ECO "C42"]
[NIC "RG.04"]
[Time "15:00:10"]
[PlyCount "48"]
[TimeControl "1800+10"]

1. e4 e5 2. Nf3 Nf6 3. Nxe5 d6 4. Nf3 Nxe4 5. d4 d5 6. Bd3 Nc6 7. c4 Nb4 8.
cxd5 Qxd5 9. O-O Nxd3 10. Qxd3 Nf6 11. Re1+ Be7 12. Nc3 Qd7 13. Bg5 O-O 14.
Ne5 Qd8 15. Re3 Re8 16. Rae1 h6 17. Bh4 c6 18. Nc4 Be6 19. Ne4 Nxe4 20. Bxe7
Rxe7 21. Rxe4 Bf5 22. f3 Bxe4 23. fxe4 b5 24. Ne5 Rxe5 {White resigns} 0-1

[Event "ICC tourney 2768 (30 10)"]
[Site "Internet Chess Club"]
[Date "2021.12.18"]
[Round "2"]
[White "CAO, DANIEL:danielcao"]
[Black "MA, JIN:K05-16813308"]
[Result "1-0"]
[ICCResult "Black checkmated"]
[WhiteElo "1271"]
[BlackElo "947"]
[Opening "Giuoco Piano: Greco's attack"]
[ECO "C54"]
[NIC "IG.02"]
[Time "15:00:33"]
[PlyCount "97"]
[TimeControl "1800+10"]

1. e4 e5 2. Nf3 Nc6 3. Bc4 Bc5 4. c3 Nf6 5. d4 exd4 6. cxd4 Bb4+ 7. Nc3 O-O
8. Bg5 h6 9. Bxf6 Qxf6 10. O-O Bxc3 11. bxc3 d6 12. Re1 Bg4 13. Re3 Rfe8 14.
h3 Bh5 15. g4 Bg6 16. Qe2 Qf4 17. Nd2 Na5 18. Bd3 Re6 19. Rf3 Qg5 20. Kg2 d5
21. e5 Bxd3 22. Qxd3 g6 23. Rg3 Rf8 24. Rf1 Qe7 25. f4 f6 26. Qxg6+ Qg7 27.
Qf5 Re7 28. exf6 Rxf6 29. Qxd5+ Kh8 30. Qxa5 Re2+ 31. Rf2 Qe7 32. Nf3 Rxf4
33. Qc5 Qe8 34. Qh5 Qe6 35. Kf1 Rxf2+ 36. Kxf2 Qxa2+ 37. Ke3 Rf6 38. Qe8+
Kh7 39. Qe7+ Rf7 40. Qe4+ Kg7 41. g5 h5 42. Qe5+ Kf8 43. g6 Re7 44. g7+ Ke8
45. g8=Q+ Qxg8 46. Rxg8+ Kd7 47. Rg7 Kc6 48. Qxe7 a5 49. Qc5# {Black
checkmated} 1-0

[Event "ICC tourney 2768 (30 10)"]
[Site "Internet Chess Club"]
[Date "2021.12.18"]
[Round "2"]
[White "SKARIAH, ANUSHKA ELIZABETH:kskariah"]
[Black "RAIFE, ASHOK:ashokbidani"]
[Result "1-0"]
[ICCResult "Black resigns"]
[WhiteElo "1536"]
[BlackElo "1644"]
[Opening "Sicilian: dragon, classical, Richter variation"]
[ECO "B73"]
[NIC "SI.25"]
[Time "15:00:14"]
[PlyCount "93"]
[TimeControl "1800+10"]

1. e4 c5 2. Nf3 d6 3. d4 cxd4 4. Nxd4 Nf6 5. Nc3 Nc6 6. Be2 g6 7. Be3 Bg7 8.
O-O O-O 9. Qd2 d5 10. exd5 Nxd5 11. Nxd5 Qxd5 12. Bf3 Qd7 13. Nxc6 bxc6 14.
Qxd7 Bxd7 15. Rad1 Rfd8 16. Bc5 Be6 17. b3 Bf6 18. Rxd8+ Rxd8 19. Rd1 Rxd1+
20. Bxd1 a6 21. Be2 Bf5 22. Bxa6 Bxc2 23. Bb7 Bb1 24. a3 Bc2 25. b4 Ba4 26.
f3 e6 27. Ba6 Bb2 28. Kf2 Bxa3 29. Ke3 f6 30. Bc8 Kf7 31. Bd7 Bb5 32. g3
Bc1+ 33. Ke4 f5+ 34. Ke5 Bb2+ 35. Kd6 e5 36. Bxc6 Bxc6 37. Kxc6 e4 38. fxe4
fxe4 39. Be3 Ke6 40. b5 Be5 41. b6 Kf5 42. b7 Kg4 43. Bf4 e3 44. Bxe5 e2 45.
Bc3 Kh3 46. b8=Q Kxh2 47. g4+ {Black resigns} 1-0

[Event "ICC tourney 2768 (30 10)"]
[Site "Internet Chess Club"]
[Date "2021.12.18"]
[Round "2"]
[White "Mason, Nelson:nelsonmason"]
[Black "TERANCE JOE HESTON, NITISH JOSON:Nitish1005"]
[Result "0-1"]
[ICCResult "White resigns"]
[WhiteElo "1460"]
[BlackElo "1050"]
[Opening "Sicilian defense"]
[ECO "B30"]
[NIC "SI.31"]
[Time "15:00:33"]
[PlyCount "72"]
[TimeControl "1800+10"]

1. e4 c5 2. Nf3 Nc6 3. c3 d5 4. exd5 Qxd5 5. d4 cxd4 6. cxd4 Nf6 7. Nc3 Qd8
8. Bc4 e6 9. Bf4 Bb4 10. O-O a6 11. d5 Bxc3 12. bxc3 Nxd5 13. Be5 O-O 14.
Bxd5 exd5 15. Re1 Nxe5 16. Rxe5 Be6 17. Nd4 Qf6 18. Qh5 Bg4 19. Qg5 Qxg5 20.
Rxg5 f5 21. Ne6 Rf7 22. f3 h6 23. Rxg7+ Rxg7 24. Nxg7 Kxg7 25. fxg4 fxg4 26.
Kf2 h5 27. Kg3 Rd8 28. Kh4 Kg6 29. Rf1 d4 30. cxd4 Rxd4 31. g3 Rd2 32. h3
Rh2 33. Rf6+ Kxf6 34. Kxh5 gxh3 35. g4 Rxa2 36. g5+ Kg7 {White resigns} 0-1

[Event "ICC tourney 2768 (30 10)"]
[Site "Internet Chess Club"]
[Date "2021.12.18"]
[Round "2"]
[White "HE, EDEN:edenhe"]
[Black "Doan Giang, Nguyen Doan:Doctorstrange04"]
[Result "0-1"]
[ICCResult "White checkmated"]
[WhiteElo "1480"]
[BlackElo "1575"]
[Opening "English: symmetrical, Benoni formation"]
[ECO "A31"]
[NIC "KI.77"]
[Time "15:00:10"]
[PlyCount "84"]
[TimeControl "1800+10"]

1. d4 Nf6 2. c4 c5 3. Nf3 g6 4. Nc3 Bg7 5. e3 O-O 6. Be2 cxd4 7. exd4 d5 8.
O-O Nc6 9. Be3 a6 10. c5 Ne4 11. Qc2 Bf5 12. Qb3 Nxc3 13. Qxc3 Re8 14. Nh4
Be4 15. f3 e5 16. fxe4 exd4 17. Qe1 dxe3 18. Rd1 Rxe4 19. Nf3 h6 20. Qg3 d4
21. Ne1 Qg5 22. Qc7 Qe7 23. Qb6 Re5 24. Nd3 Rg5 25. Rf3 Rf8 26. Qb3 Kh7 27.
h4 Rg4 28. h5 Qg5 29. Ne1 Rf4 30. Rxf4 Qxf4 31. hxg6+ fxg6 32. Nd3 Qf7 33.
Qc2 Qxa2 34. g3 Qe6 35. Nf4 Qf5 36. Bd3 Qg5 37. Bxg6+ Kh8 38. Kh2 Be5 39.
Rg1 Bxf4 40. Qe4 Qh4+ 41. Kg2 Qxg3+ 42. Kf1 Qf2# {White checkmated} 0-1

[Event "ICC tourney 2768 (30 10)"]
[Site "Internet Chess Club"]
[Date "2021.12.18"]
[Round "2"]
[White "VAZQUEZ, DANIEL ORLANDO:Nacaroa-Dan"]
[Black "GILLMAN, JONES:JonesGill"]
[Result "1-0"]
[ICCResult "Black checkmated"]
[WhiteElo "1660"]
[BlackElo "1516"]
[Opening "Alekhine's defense: Krejcik variation"]
[ECO "B02"]
[NIC "AL.10"]
[Time "15:00:20"]
[PlyCount "101"]
[TimeControl "1800+10"]

1. e4 Nf6 2. Bc4 Nxe4 3. Bxf7+ Kxf7 4. Qh5+ g6 5. Qd5+ Ke8 6. Qxe4 Bg7 7.
Nf3 d6 8. d4 Bf5 9. Qe2 Nd7 10. c3 Rf8 11. h4 c6 12. h5 Qc7 13. h6 Bh8 14.
Ng5 Nf6 15. Nd2 Kd8 16. Nc4 Qd7 17. f3 Qe8 18. Bf4 Kc7 19. O-O-O b5 20. Ne3
Bd7 21. d5 c5 22. Bh2 Kb6 23. Rhe1 a5 24. Qc2 a4 25. Bxd6 exd6 26. Nc4+ bxc4
27. Rxe8 Rfxe8 28. Nf7 Bf5 29. Qd2 Kc7 30. Qf4 Ra6 31. g4 Bd3 32. Nxh8 Rxh8
33. Qxf6 Rd8 34. Re1 a3 35. Re7+ Kb8 36. Rxh7 axb2+ 37. Kxb2 Rb6+ 38. Kc1
Rb1+ 39. Kd2 Rb2+ 40. Ke3 Re8+ 41. Kf4 g5+ 42. Kxg5 Bxh7 43. Qxd6+ Kc8 44.
Qxc5+ Kd8 45. Qd6+ Kc8 46. Qc6+ Kd8 47. d6 Re5+ 48. Kf4 Rd2 49. Kxe5 Rf2 50.
Qc7+ Ke8 51. Qe7# {Black checkmated} 1-0

[Event "ICC tourney 2768 (30 10)"]
[Site "Internet Chess Club"]
[Date "2021.12.18"]
[Round "2"]
[White "HOSSAIN, AZHER:Azher2009"]
[Black "EISENMAN, KATHERINE:kgeisenman32"]
[Result "1-0"]
[ICCResult "Black resigns"]
[WhiteElo "1650"]
[BlackElo "1483"]
[Opening "Réti opening"]
[ECO "A11"]
[NIC "RE.07"]
[Time "15:00:09"]
[PlyCount "57"]
[TimeControl "1800+10"]

1. Nf3 d5 2. c4 c6 3. g3 Nf6 4. Bg2 dxc4 5. a4 Bf5 6. Na3 e6 7. Nxc4 Nbd7 8.
O-O Bc5 9. d3 h6 10. Bf4 Nb6 11. Nfe5 O-O 12. a5 Nxc4 13. Nxc4 Bg6 14. a6
Qd7 15. Ne5 Qe7 16. axb7 Rae8 17. Bxc6 Bd6 18. Nxg6 fxg6 19. Bxd6 Qxd6 20.
Bxe8 Rxe8 21. Rxa7 Qb6 22. Qa4 Rf8 23. Qa3 Rb8 24. Ra8 Qxb7 25. Rxb8+ Qxb8
26. Rc1 Kf7 27. Rc6 Qb7 28. Qd6 Qe7 29. Rc7 {Black resigns} 1-0

[Event "ICC tourney 2768 (30 10)"]
[Site "Internet Chess Club"]
[Date "2021.12.18"]
[Round "2"]
[White "HAMLETT, JAMES MORRISON:Hamlett144"]
[Black "HERREROS, STEPHEN:alekhine1031"]
[Result "0-1"]
[ICCResult "White resigns"]
[WhiteElo "1200"]
[BlackElo "1466"]
[Opening "Scandinavian: Pytel-Wade variation"]
[ECO "B01"]
[NIC "SD.02"]
[Time "15:00:13"]
[PlyCount "68"]
[TimeControl "1800+10"]

1. e4 d5 2. exd5 Qxd5 3. Nc3 Qd6 4. Bc4 c6 5. Qe2 Nf6 6. Nf3 Bg4 7. d3 e6 8.
Ne4 Nxe4 9. Qxe4 Bxf3 10. Qxf3 Be7 11. O-O O-O 12. c3 Nd7 13. d4 Nb6 14. Bd3
Nd5 15. Bd2 Rad8 16. Qh3 g6 17. Bh6 Rfe8 18. Qf3 Bf8 19. Be3 Bg7 20. c4 Nb4
21. c5 Qd7 22. Be2 Nc2 23. Rad1 Nxd4 24. Bxd4 Bxd4 25. Qd3 e5 26. Kh1 Qe7
27. Qb3 Bxc5 28. f4 exf4 29. Rxd8 Rxd8 30. Rxf4 b5 31. Qf3 Rd6 32. g4 Re6
33. Bf1 Be3 34. Rb4 Qxb4 {White resigns} 0-1

[Event "ICC tourney 2768 (30 10)"]
[Site "Internet Chess Club"]
[Date "2021.12.18"]
[Round "2"]
[White "JIMENEZ, LUIS A:eltuna"]
[Black "SUDHAKAR, SNEGAPRANEETH :Ninthexpert"]
[Result "1-0"]
[ICCResult "Black checkmated"]
[WhiteElo "1513"]
[BlackElo "1208"]
[Opening "QGD: exchange, positional line"]
[ECO "D35"]
[NIC "QO.16"]
[Time "15:00:33"]
[PlyCount "145"]
[TimeControl "1800+10"]

1. d4 d5 2. c4 e6 3. Nc3 Nf6 4. cxd5 exd5 5. Bg5 Bb4 6. e3 h6 7. Bh4 c5 8.
a3 Bxc3+ 9. bxc3 Qa5 10. Ne2 Ne4 11. Qc2 Bf5 12. Qb3 O-O 13. f3 Nd6 14. Qxd5
Qc7 15. Bg3 Rd8 16. Bxd6 Rxd6 17. Qxf5 cxd4 18. cxd4 Nd7 19. Rc1 Qb6 20. Nf4
Qb2 21. Qc2 Qxa3 22. Qd2 Re8 23. Kf2 Nf6 24. Bd3 Rdd8 25. Rc3 Qd6 26. Rhc1
a6 27. Rc4 b5 28. Rc6 Qa3 29. Qc3 Qxc3 30. R1xc3 b4 31. Rb3 a5 32. Ra6 Ra8
33. Rxa8 Rxa8 34. Bb5 g5 35. Nd3 Nd5 36. Bc6 Rd8 37. Bxd5 Rxd5 38. Nc5 Kf8
39. Ke2 Ke7 40. Kd3 Rd8 41. Kc4 Rb8 42. Na6 Rb6 43. Nxb4 axb4 44. Rxb4 Ra6
45. Rb2 f5 46. e4 f4 47. g3 Ra3 48. Rb3 Ra4+ 49. Kd3 Ra2 50. gxf4 gxf4 51.
e5 Rxh2 52. Ke4 h5 53. d5 h4 54. Kxf4 Rd2 55. Rb7+ Kf8 56. Rh7 Rd4+ 57. Kf5
Kg8 58. Rh5 Kf7 59. d6 Rd3 60. f4 Rh3 61. e6+ Kf8 62. Kf6 Kg8 63. d7 Rd3 64.
Rxh4 Rd6 65. f5 Rd5 66. Rg4+ Kh8 67. Ke7 Kh7 68. d8=Q Rxd8 69. Kxd8 Kh6 70.
e7 Kh5 71. Rg6 Kh4 72. e8=R Kh5 73. Rh8# {Black checkmated} 1-0

[Event "ICC tourney 2768 (30 10)"]
[Site "Internet Chess Club"]
[Date "2021.12.18"]
[Round "2"]
[White "SAPRU, AGASTYA:auggie29"]
[Black "Mason, Mike W:MikeWMason"]
[Result "1/2-1/2"]
[ICCResult "Game drawn by repetition"]
[WhiteElo "1475"]
[BlackElo "1604"]
[Opening "Queen's pawn, Mason variation, Steinitz counter-gambit"]
[ECO "D00"]
[NIC "QP.08"]
[Time "15:00:33"]
[PlyCount "56"]
[TimeControl "1800+10"]

1. d4 d5 2. Bf4 c5 3. e3 Nc6 4. Nf3 Nf6 5. c4 e6 6. Nc3 a6 7. Bd3 dxc4 8.
Bxc4 b5 9. Bd3 c4 10. Bc2 Be7 11. O-O O-O 12. a3 Nd5 13. Bg3 Bf6 14. Qd2 Bb7
15. Rad1 g6 16. e4 Nxc3 17. bxc3 Qa5 18. e5 Bg7 19. Bh4 Rfe8 20. Bf6 Qxa3
21. Ra1 Qf8 22. Qf4 Ne7 23. Ng5 Nd5 24. Qh4 h6 25. Ne4 Kh7 26. Ng5+ Kg8 27.
Ne4 Kh7 28. Ng5+ Kg8 {Game drawn by repetition} 1/2-1/2